 Dungeon Crawl Stone Soup version 0.26.0-15-gc6cd9f700b (webtiles) character file.

Game seed: 12367831375525925734

20923 jackrogers the Cleaver (level 12, -3/120 HPs)
             Began as a Gargoyle Berserker on Jan 17, 2021.
             Was a High Priest of Trog.
             Engulfed by an ice statue's freezing vapour (7 damage)
             ... in an ice cave.
             The game lasted 00:17:27 (11379 turns).

jackrogers the Cleaver (Gargoyle Berserker)        Turns: 11379, Time: 00:17:27

Health: -3/120     AC: 33    Str: 33    XL:     12   Next: 84%
Magic:  12/12      EV: 10    Int:  9    God:    Trog [*****.]
Gold:   713        SH:  0    Dex:  9    Spells: 11/11 levels left

rFire    . . .     SeeInvis .   J - +1 hand axe (elec)
rCold    . . .     Faith    .   (no shield)
rNeg     + . .     Spirit   .   N - +5 chain mail "Bourghir" {-Cast rElec rCorr Str+8}
rPois    ∞         Reflect  .   i - +0 helmet
rElec    +         Harm     .   E - +2 cloak
rCorr    +         Rampage  .   (no gloves)
Will     .....     NoCast   +   K - +1 pair of boots
Stlth    ..........             y - amulet of regeneration {+regen, !d}
HPRegen  0.70/turn              z - +4 ring of slaying
MPRegen  0.13/turn              t - ring of stealth {Stlth+}

@: berserking, very quick
A: negative energy resistance 1, electricity resistance, unbreathing,
petrification resistance, miasma immunity, AC +8
a: Renounce Religion, Berserk, Trog's Hand, Brothers in Arms


You were in an ice cave.
You worshipped Trog.
Trog was extremely pleased with you.
You visited 2 branches of the dungeon, and saw 13 of its levels.
You also visited: Sewer and Ice Cave.

You collected 713 gold pieces.

Inventory:

Hand Weapons
 m - a +1 war axe
   (You found it on level 4 of the Dungeon)
 C - a +0 trident
   (You found it on level 6 of the Dungeon)
 J - a +1 hand axe of electrocution (weapon)
   (You found it on level 8 of the Dungeon)
 O - a +3 vorpal halberd
   (Trog gifted it to you on level 9 of the Dungeon)
Armour
 i - a +0 helmet (worn)
   (You found it on level 1 of the Dungeon)
 r - a +1 tower shield
   (You found it on level 3 of the Dungeon)
 u - a +0 kite shield
   (You found it on level 4 of the Dungeon)
 E - a +2 cloak (worn)
   (You found it on level 7 of the Dungeon)
 G - a +0 plate armour
   (You found it on level 7 of the Dungeon)
 K - a +1 pair of boots (worn)
   (You found it on level 8 of the Dungeon)
 N - the +5 chain mail "Bourghir" (worn) {-Cast rElec rCorr Str+8}
   (You took it off an orc on level 9 of the Dungeon)

   It affects your strength (+8).
   It insulates you from electricity.
   It prevents spellcasting.
   It provides partial protection from all sources of acid and corrosion.
 U - a +2 plate armour of cold resistance
   (You found it on level 3 of the Lair of Beasts)
Jewellery
 p - an uncursed ring of wizardry {Wiz+, !d}
   (You found it on level 3 of the Dungeon)
 t - a ring of stealth (right hand) {Stlth+}
   (You found it on level 4 of the Dungeon)
 y - an amulet of regeneration (around neck) {+regen, !d}
   (You found it on level 5 of the Dungeon)
 z - a +4 ring of slaying (left hand)
   (You found it on level 5 of the Dungeon)
Wands
 h - a wand of polymorph (23)
   (You found it on level 3 of the Dungeon)
 s - a wand of acid (3)
   (You found it on level 4 of the Dungeon)
 x - a wand of paralysis (4)
   (You found it on level 6 of the Dungeon)
 D - a wand of flame (23)
   (You found it on level 8 of the Dungeon)
 I - a wand of random effects (10)
   (You found it on level 8 of the Dungeon)
 M - a wand of disintegration (15)
   (You took it off Maurice on level 8 of the Dungeon)
Scrolls
 e - 8 scrolls of remove curse
 n - 3 scrolls of amnesia
 v - 4 scrolls of teleportation
 A - a scroll of enchant weapon
 F - a scroll of fear
 H - 2 scrolls of enchant armour
 P - a scroll of magic mapping {!r}
 R - a scroll of blinking {!r}
Potions
 f - a potion of haste
 g - 5 potions of flight
 j - 3 potions of lignification {!q}
 k - 3 potions of attraction {!q}
 l - 5 potions of curing
 o - 3 potions of brilliance
 q - a potion of ambrosia
 w - 3 potions of heal wounds
 B - 2 potions of might
 Q - a potion of berserk rage {!q}


   Skills:
 + Level 11.2 Fighting
 + Level 14.1 Axes
 + Level 11.0 Armour
 - Level 1.5 Dodging


You had 11 spell levels left.
You didn't know any spells.
Your spell library was empty.

Dungeon Overview and Level Annotations

Branches:
Dungeon (9/15)             Temple (0/1) D:4            Lair (4/6) D:9
  Snake (0/4) Lair:3        Sewer (visited)           IceCv (1/1)
  Swamp: Lair:2-4    Shoals: Lair:2-4       Orc: D:9-12

Altars:
Cheibriados
Dithmenos
Elyvilon
Fedhas
Gozag
Kikubaaqudgha
Nemelex Xobeh
Qazlal
Ru
Trog
Wu Jian
Xom
Yredelemnul

Annotations:
IceCv exclusion: 2 ice statues


Innate Abilities, Weirdness & Mutations

You are resistant to torment.
Your stone body is resilient. (AC +8)
You are immune to poison.
You resist negative energy. (rN+)
You are resistant to electric shocks. (rElec)
You can survive without breathing.
You are immune to petrification.
You are immune to miasma.


Message History

The white imp is engulfed in freezing vapours.
The white imp sputters.
PANIC x8: white imp x8!
You slash the white imp! You hit the white imp but do no damage.
The white imp is engulfed in freezing vapours. x2
You closely miss the white imp. You hit the white imp.
The white imp gestures at you. The puff of frost hits you!
The white imp is engulfed in freezing vapours.
The white imp gestures at you. The puff of frost hits you.
The white imp is engulfed in freezing vapours.
PANIC x8: white imp x8!
You hit the white imp.
Lightning courses through the white imp!
You kill the white imp!
Trog accepts your kill.
You slash the white imp!
You kill the white imp!
Trog accepts your kill.
You slash the white imp!
You kill the white imp!
Trog accepts your kill.
Danger x5: white imp x5!
The white imp gestures at you.
The puff of frost hits you but does no damage.
The white imp gestures at you. The puff of frost misses you.
You closely miss the white imp.
The white imp hits you but does no damage.
Danger x6: white imp x6!
You slash the white imp!
Lightning courses through the white imp!
You kill the white imp!
Trog accepts your kill.
You closely miss the white imp.
Danger x5: white imp x5!
You slash the white imp!
You kill the white imp!
Trog accepts your kill.
Warning x3: The white imp can cast Throw Frost! x3
You slash the white imp!
Lightning courses through the white imp!
You kill the white imp!
Trog accepts your kill.
You slash the white imp!
Lightning courses through the white imp!
You kill the white imp!
Trog accepts your kill.
Spoiler Alert: The white imp can cast Throw Frost!
You slash the white imp!
Lightning courses through the white imp!!
You kill the white imp!
Trog accepts your kill.
The white imp hits you but does no damage.
You closely miss the white imp. The white imp barely misses you.
Spoiler Alert: The white imp can cast Throw Frost!
You slash the white imp!
You kill the white imp!
Trog accepts your kill.
No target in view!
You start resting.
You are engulfed in freezing vapours.
You start resting.
Really walk into that cloud of freezing vapour?
You are engulfed in freezing vapours. 2 ice statues come into view.
The ice statue gestures at you.
The freezing blast engulfs you but does no damage.
You are engulfed in freezing vapours.
You are engulfed in freezing vapours.
The ice statue gestures at you. The freezing blast misses you.
You hit the ice statue but do no damage.
You are engulfed in freezing vapours.
You slash the ice statue!
You are engulfed in freezing vapours.
The ice statue gestures at you. The bolt of cold hits you!
You slash the ice statue! You slash the ice statue!
The ice statue gestures.
The ice statue gestures at you. The shard of ice misses you.
Spoiler Alert: The ice beast (summoned) can hit for moderate damage in melee!
You hit the ice statue. The ice statue gestures at you.
The freezing blast engulfs you!
Spoiler Alert: The ice beast (summoned) can hit for moderate damage in melee!
You slash the ice statue!
You are engulfed in freezing vapours.
* * * LOW HITPOINT WARNING * * *
Spoiler Alert: The ice beast (summoned) can hit for moderate damage in melee!
A red film seems to cover your vision as you go berserk!
You feel yourself moving faster!
You feel mighty!
You are engulfed in freezing vapours.
* * * LOW HITPOINT WARNING * * *
The ice statue gestures at you. The bolt of cold hits you!
* * * LOW HITPOINT WARNING * * *
Spoiler Alert: The ice beast (summoned) can hit for moderate damage in melee!
You slice the ice statue!!
You are engulfed in freezing vapours.
You die...

#####
##...#####
##........##
...°......##
##°○§.§○....#
#°○○○§§§.°...
#°°§☼§☼.°...
#@.○.Y≈.○..
#8#..°.#8#
####§.##
##..# ##..##
#..## #...##
##...##
##...#


You could see 2 ice statues and an ice beast (summoned).

Vanquished Creatures
  Gastronok (Lair:3)
  A boulder beetle (Lair:2)
  3 death yaks (D:9)
  Pikel (D:5)
  Maurice (D:8)
  3 black mambas
  4 cane toads
  3 komodo dragons
  A polar bear (Lair:3)
  A troll (D:9)
  10 blink frogs
  Sigmund (D:3)
  3 wyverns
  35 yaks
  A basilisk (Lair:1)
  A steam dragon (D:7)
  2 nagas (Lair:3)
  5 water moccasins
  An ice beast (D:7)
  An orc warrior (D:8)
  A black bear (Lair:4)
  3 sky beasts
  5 ogres
  3 phantoms
  3 centaurs
  3 lemures (D:5)
  4 big kobolds
  10 bullfrogs
  A gnoll sergeant (D:9)
  A wyvern skeleton (D:9)
  2 scorpions
  7 killer bees
  A bullfrog zombie (D:5)
  3 jellies
  3 orc priests
  A bullfrog skeleton (D:5)
  3 hounds
  9 orc wizards
  3 iguanas
  6 worker ants
  10 adders
  4 gnolls (D:9)
  2 river rats
  23 white imps
  2 ufetubi (D:9)
  2 adder skeletons
  2 adder zombies
  2 worms
  4 dart slugs
  2 leopard geckos
  24 orcs
  6 bats
  3 giant cockroaches
  6 goblins
  8 hobgoblins
  15 jackals
  18 kobolds
  2 quokkas
  A ball python (D:2)
  8 frilled lizards
  A giant cockroach zombie (D:5)
  A jackal zombie (D:5)
  A leopard gecko skeleton (D:7)
  9 rats
307 creatures vanquished.

Vanquished Creatures (others)
  A bullfrog (Lair:4)
  An ufetubus (IceCv)
  13 fungi
  6 plants
21 creatures vanquished.

Grand Total: 328 creatures vanquished

Notes
Turn   | Place    | Note
-------+----------+-------------------------------------------
     0 | D:1      | jackrogers the Gargoyle Berserker began the quest for the
                  | Orb.
     0 | D:1      | Reached XP level 1. HP: 14/14 MP: 1/1
    60 | D:1      | Reached skill level 3 in Axes
   595 | D:1      | Reached XP level 2. HP: 18/19 MP: 2/2
   677 | D:1      | Found a sparkling altar of Nemelex Xobeh.
   993 | D:2      | Reached XP level 3. HP: 18/23 MP: 3/3
  1105 | D:2      | Reached skill level 4 in Axes
  1154 | D:2      | Reached ** piety under Trog
  1287 | D:2      | Reached XP level 4. HP: 28/28 MP: 4/4
  1806 | D:3      | Found a white marble altar of Elyvilon.
  1820 | D:3      | Noticed Sigmund
  1870 | D:3      | Killed Sigmund
  1871 | D:3      | Reached skill level 6 in Axes
  1871 | D:3      | Reached XP level 5. HP: 32/32 MP: 5/5
  1871 | D:3      | Reached XP level 6. HP: 37/37 MP: 6/6
  1958 | D:3      | Found a stormy altar of Qazlal.
  1959 | D:3      | Found a blossoming altar of Fedhas.
  1993 | D:3      | Found an opulent altar of Gozag.
  1999 | D:3      | Found a shadowy altar of Dithmenos.
  2240 | D:3      | Found a basalt altar of Yredelemnul.
  2343 | D:3      | Found a bloodstained altar of Trog.
  2570 | D:4      | Noticed a phantom
  2604 | D:4      | Killed a phantom
  2748 | D:4      | Reached *** piety under Trog
  2879 | D:4      | Reached skill level 7 in Axes
  2879 | D:4      | Reached XP level 7. HP: 31/41 MP: 7/7
  3522 | D:4      | Reached skill level 8 in Axes
  4046 | D:4      | Found a staircase to the Ecumenical Temple.
  4126 | D:5      | Entered Level 5 of the Dungeon
  4429 | D:5      | Noticed Pikel
  4496 | D:5      | Killed Pikel
  4497 | D:5      | Reached skill level 9 in Axes
  4497 | D:5      | Reached XP level 8. HP: 46/46 MP: 8/8
  4767 | D:5      | Found an ancient bone altar of Kikubaaqudgha.
  4767 | D:5      | Found a sacrificial altar of Ru.
  4868 | D:6      | Found a glowing drain.
  4883 | Sewer    | Entered a sewer
  4889 | Sewer    | Reached skill level 10 in Axes
  4962 | Sewer    | Reached **** piety under Trog
  4980 | Sewer    | Found a glowing silver altar of Zin.
  5186 | D:6      | Reached XP level 9. HP: 48/51 MP: 9/9
  5816 | D:7      | Reached skill level 11 in Axes
  5868 | D:7      | Found an ornate altar of the Wu Jian Council.
  6348 | D:7      | Found a white marble altar of Elyvilon.
  6615 | D:8      | Reached skill level 3 in Armour
  6677 | D:8      | Reached skill level 4 in Fighting
  6825 | D:8      | Found a snail-covered altar of Cheibriados.
  7296 | D:8      | Noticed Maurice
  7409 | D:8      | Killed Maurice
  7410 | D:8      | Reached skill level 5 in Fighting
  7410 | D:8      | Reached skill level 4 in Armour
  7630 | D:9      | Reached XP level 10. HP: 59/59 MP: 10/10
  7775 | D:9      | Reached skill level 12 in Axes
  7775 | D:9      | Reached skill level 5 in Armour
  7860 | D:9      | Found a sacrificial altar of Ru.
  7885 | D:9      | Reached ***** piety under Trog
  7920 | D:9      | Reached skill level 6 in Fighting
  7951 | D:9      | Identified the +5 chain mail "Bourghir" {-Cast rElec rCorr
                  | Str+8}
  8016 | D:9      | Reached skill level 6 in Armour
  8126 | D:9      | Found a staircase to the Lair.
  8126 | D:9      | Noticed a death yak
  8126 | D:9      | Noticed a death yak
  8152 | D:9      | Killed a death yak
  8153 | D:9      | Reached skill level 7 in Fighting
  8223 | D:9      | Noticed a death yak
  8255 | D:9      | Killed a death yak
  8256 | D:9      | Reached skill level 7 in Armour
  8256 | D:9      | Reached XP level 11. HP: 68/68 MP: 11/11
  8265 | D:9      | Killed a death yak
  8266 | D:9      | Reached skill level 8 in Fighting
  8277 | D:9      | Received a gift from Trog
  8492 | D:9      | Found a snail-covered altar of Cheibriados.
  8522 | D:9      | Reached skill level 8 in Armour
  8722 | Lair:1   | Entered Level 1 of the Lair of Beasts
  8810 | Lair:1   | Reached skill level 13 in Axes
  9099 | Lair:1   | Reached skill level 9 in Fighting
  9169 | Lair:1   | Found a shimmering altar of Xom.
  9594 | Lair:2   | Reached skill level 9 in Armour
  9812 | Lair:2   | Reached XP level 12. HP: 65/77 MP: 12/12
  9872 | Lair:2   | Reached skill level 10 in Fighting
 10105 | Lair:2   | Noticed a boulder beetle
 10122 | Lair:2   | Killed a boulder beetle
 10123 | Lair:2   | Reached skill level 10 in Armour
 10547 | Lair:3   | Noticed Gastronok
 10572 | Lair:3   | Killed Gastronok
 10573 | Lair:3   | Reached skill level 11 in Fighting
 10573 | Lair:3   | Reached skill level 14 in Axes
 10903 | Lair:3   | Found a staircase to the Snake Pit.
 11302 | Lair:4   | Found a frozen archway.
 11307 | Lair:4   | Reached skill level 11 in Armour
 11324 | IceCv    | Entered an ice cave
 11377 | IceCv    | HP: 18/80 [ice statue] (13)]
 11378 | IceCv    | HP: 4/120 [ice statue/bolt of cold (14)]
 11379 | IceCv    | Engulfed by an ice statue's freezing vapour

Illustrated notes

Levels and vault maps discovered:
D:1:      giann_bridges, layout_basic, minmay_stone_trees_small,
          amcnicky_mini_pool_small, minmay_misc_feat_pillars,
          nemelex_diamond_rough_becter
D:2:      layout_loops_ring
D:3:      layout_loops_ring, lemuel_crystal_altar, grunt_temple_overflow_open,
          lightli_temple_of_fire, chequers_serial_rivers_micro_a,
          elyvilon_altar_3, uniq_sigmund
D:4:      layout_loops_corners, lemuel_temple_firewalk_b, nrook_mini_backslash
D:5:      layout_rooms, gammafunk_temple_overflow_statue, uniq_pikel
D:6:      layout_basic, portal_sewer_entry_a, minivault_5
D:7:      layout_basic, kennysheep_mini_moat, kennysheep_mini
D:8:      layout_basic, cheibrodos_worm_habitat, uniq_maurice
D:9:      layout_small_grid, dpeg_lair_monsters, basic_altar,
          nicolae_ru_awakened_eye
Lair:1:   layout_loops_ring, basic_altar, lemuel_fruit_tree, grunt_megastairs_4
Lair:2:   layout_chaotic_city, chequers_serial_rivers_marsh
Lair:3:   layout_regular_city, guppyfry_snake_entry_island, uniq_gastronok
Lair:4:   layout_hall_layers, skrybe_swamp_entry_bodies,
          portal_ice_cave_entry_imps, beast_lair_carwin_7, grunt_megastairs_3
IceCv:    ice_cave_small_demon

Skill      XL: |  1  2  3  4  5  6  7  8  9 10 11 12 |
---------------+-------------------------------------+-----
Axes           | 3 4 6 7 9 10 11 12 13 14 | 14.1
Armour         | 4 7 9 11 | 11.0
Fighting       | 5 7 9 11 | 11.2
Dodging        | |  1.5

Action                   |  1- 3 |  4- 6 |  7- 9 | 10-12 || total
-------------------------+-------+-------+-------+-------++-------
Melee: Hand axe          |   113 |   186 |    48 |   485 ||   832
       War axe           |       |       |   303 |       ||   303
Invok: Berserk           |       |     3 |     6 |     8 ||    17
       Trog's Hand       |       |       |       |     1 ||     1
  Use: Scroll            |     3 |     8 |     7 |     4 ||    22
Armor: Chain mail        |    93 |   121 |   185 |   245 ||   644
       Skin              |       |       |       |     2 ||     2
Dodge: Dodged            |    70 |    82 |   109 |   159 ||   420

Table legend: (Time is in decaauts)
 A = Elapsed time spent in this place.
 B = Non-inter-level travel time spent in this place.
 C = Inter-level travel time spent in this place.
 D = Time resting spent in this place.
 E = Time spent auto-exploring this place.
 F = Levels seen in this place.
 G = Mean time per level.
                   A        B        C        D        E       F      G
               +--------+--------+--------+--------+--------+-----+--------+
         Total |  11432 |  10548 |    884 |   1207 |   7342 |  15 |  762.1 |
       Dungeon |   8703 |   7910 |    793 |   1088 |   5242 |   9 |  967.0 |
          Lair |   2517 |   2426 |     91 |    109 |   1972 |   4 |  629.2 |
         Sewer |    163 |    163 |      0 |      0 |    120 |   1 |  163.0 |
      Ice Cave |     48 |     48 |      0 |      9 |      8 |   1 |   48.0 |
               +--------+--------+--------+--------+--------+-----+--------+

Top non-repeatable levels by time:
     D:4: 1645 daAuts
     D:8: 1262 daAuts
  Lair:3: 1003 daAuts
     D:3: 962 daAuts
     D:9: 953 daAuts
     D:1: 904 daAuts
  Lair:1: 832 daAuts
     D:6: 830 daAuts
     D:7: 757 daAuts
     D:2: 735 daAuts
  Lair:2: 666 daAuts
     D:5: 652 daAuts
   Sewer: 163 daAuts
   IceCv: 48 daAuts
  Lair:4: 15 daAuts

Table legend:
 A = Kills in this place as a percentage of kills in entire the game.
 B = Kills by you in this place as a percentage of kills by you in the entire game.
 C = Kills by friends in this place as a percentage of kills by friends in the entire game.
 D = Other kills in this place as a percentage of other kills in the entire game.
 E = Experience gained in this place as a percentage of experience gained in the entire game.
 F = Experience gained in this place divided by the number of levels of this place that you have seen.
                   A       B       C       D       E      F
               +-------+-------+-------+-------+-------+----------------------
         Total | 100.0 | 100.0 |   N/A | 100.0 | 100.0 | 1992.7
       Dungeon |  67.9 |  68.1 |   N/A |   0.0 |  38.9 | 1292.0
          Lair |  26.2 |  26.0 |   N/A | 100.0 |  60.5 | 4517.8
         Sewer |   3.0 |   3.0 |   N/A |   0.0 |   0.4 | 124.0
      Ice Cave |   3.0 |   3.0 |   N/A |   0.0 |   0.2 |  68.0
               +-------+-------+-------+-------+-------+----------------------
